[Event "Bangabandhu Premier Div League 2022"]
[Site "Dhaka"]
[Date "2022.12.08"]
[Round "9.1"]
[White "Anata, Choudhury"]
[Black "Hossain, Enamul"]
[Result "0-1"]
[ECO "B48"]
[WhiteElo "2176"]
[BlackElo "2392"]
[Annotator "TA"]
[PlyCount "130"]
[EventDate "2022.12.01"]
[EventCountry "BAN"]
[SourceTitle "playchess.com"]
[Source "ChessBase"]
[SourceQuality "1"]
[TimeControl "40/5400+30:1800+30"]

1. e4 c5 2. Nf3 e6 3. d4 cxd4 4. Nxd4 Nc6 5. Nc3 Qc7 6. Be3 a6 7. a3 {[%emt 0:00:18] 7.g4 is a critical line.} b5 8. Nxc6 Qxc6 {[%emt 0:00:24] B48: Sicilian: Taimanov: 5 Nc3 Qc7 6 Be3 a6 without Be2.} 9. Bd3 Bb7 10. Qd2 Rc8 {[%emt 0:01:40] The position is equal.} 11. f3 Qc7 {[%emt 0:07:55] [#]} 12. O-O-O $146 (12. a4 $14 b4 13. Na2) ({Predecessor:} 12. Bf4 e5 13. Bg3 Nf6 14. Qg5 d6 15. f4 exf4 16. Bxf4 Be7 17. Qxg7 Rg8 18. Qh6 Rxg2 {1-0 (24) Sukovic,A (2318)-Pobor,M (2266) Cetinje 2022}) 12... Nf6 (12... b4 {feels hotter.} 13. Nb1 bxa3 14. Nxa3 Bxa3 15. bxa3 Ne7) 13. Bf4 {[%emt 0:00:00] Inhibits b4.} e5 14. Bg3 d6 15. f4 (15. Bh4 $5) 15... Be7 16. Rhf1 Nh5 17. Qe2 Nxf4 18. Bxf4 exf4 19. Qg4 (19. Kb1 $11) 19... Bf6 $15 20. Nd5 Bxd5 21. exd5 Be5 22. g3 f3 (22... fxg3 $17 23. hxg3 g6) 23. Rxf3 O-O 24. Qh4 g6 25. g4 Qd8 (25... f6 {simplifies} 26. Kb1 Qb7 27. Qe1 Rb8) 26. g5 (26. Qxd8 {simplifies} Rfxd8 27. h3 Rc5 28. Bf1) 26... f5 27. gxf6 Rxf6 28. Rxf6 Qxf6 29. Qxf6 Bxf6 $11 {[%emt 0:00:00][%mdl 4096] Endgame KRB-KRB} 30. a4 bxa4 31. Bxa6 Rb8 32. c3 {[%emt 0:00:00] Inhibits a3.} a3 33. bxa3 Ra8 {[%emt 0:00:00] Against a4} 34. Bb5 Rxa3 35. Rd3 Bxc3 36. Kc2 Ra5 {[%emt 0:00:00] ...Be5 is the strong threat.} 37. Bd7 Be5 38. Be6+ Kg7 {[%emt 0:05:00] aiming for ...Ra2+.} 39. h3 Ra2+ 40. Kd1 Kf6 41. Rd2 Ra3 42. Ke2 Kg5 {[%emt 0:00:00] Black is more active.} 43. Rd3 Ra2+ 44. Rd2 Ra4 45. Kf3 Kh4 46. Re2 Rf4+ 47. Kg2 h5 48. Rf2 Rd4 49. Re2 (49. Rf7 $142) 49... Bf4 (49... g5 $142 50. Ra2 g4 51. hxg4 hxg4) 50. Rf2 (50. Ra2 $17) 50... g5 $19 51. Rf3 g4 52. hxg4 hxg4 53. Rf2 g3 54. Re2 Kg5 55. Bg8 {This costs White the game.} (55. Kf3 $17 {is a better defense.}) 55... Rd3 $1 56. Be6 Be5 57. Rc2 {[%emt 0:00:00] [#]} Kf4 $1 {[%emt 0:00:00] ( -> ...Rd1)} 58. Kh3 $2 {[#]} (58. Bf7 $19) 58... Rd1 $1 {[%emt 0:00:00] Black mates.} 59. Rc8 Rh1+ 60. Kg2 Rh2+ 61. Kf1 Kf3 62. Rf8+ Bf4 63. Kg1 Ra2 64. Bh3 Ra1+ 65. Bf1 Rd1 {[%emt 0:00:00] Weighted Error Value: White=0.29 (precise) /Black=0.07 (flawless)} 0-1

[Event "Bangabandhu Premier Div League 2022"]
[Site "Dhaka"]
[Date "2022.12.08"]
[Round "9.2"]
[White "Mohammad Fahad, Rahman"]
[Black "Koustav Chatterjee"]
[Result "1/2-1/2"]
[ECO "D38"]
[WhiteElo "2380"]
[BlackElo "2496"]
[Annotator "TA"]
[PlyCount "89"]
[EventDate "2022.12.01"]
[EventCountry "BAN"]
[SourceTitle "playchess.com"]
[Source "ChessBase"]
[SourceQuality "1"]
[TimeControl "40/5400+30:1800+30"]

1. d4 Nf6 2. c4 e6 3. Nf3 d5 4. Nc3 Bb4 5. Qa4+ Nc6 6. e3 O-O 7. Bd2 {[%emt 0:00:08] 7.Qc2 is the hot move.} a5 {[%emt 0:03:52] D38: Queen's Gambit Declined: Ragozin Defence (4 Nf3 Bb4).} 8. a3 Bxc3 9. Bxc3 Ne7 {[%emt 1:24:12] The position is equal.} 10. Qc2 b6 11. cxd5 exd5 12. Bd3 Ba6 13. Bxa6 Rxa6 14. O-O Ne4 {[%emt 0:00:00] [#]} 15. Rac1 $146 ({Predecessor:} 15. Rfc1 Qd7 16. b4 axb4 17. Bxb4 c5 18. dxc5 bxc5 19. Bxc5 Rc8 20. Qe2 Nxc5 21. Rxc5 Rxa3 22. Rxa3 Rxc5 {½-½ (39) Meissner,R (2156)-Urbaniak,M (1988) LSS email 2014}) 15... Re8 (15... Ra8 {simplifies} 16. b3 Rc8 17. Nd2 Nxc3 18. Qxc3 Qd7) 16. Ne5 c5 17. Qd3 (17. a4 $11) 17... Ra8 18. dxc5 bxc5 19. Rfd1 Qb6 20. Qe2 Nxc3 21. Rxc3 {[%emt 0:02:30] Black should prevent Nd7.} c4 22. Qc2 a4 {[%emt 0:00:00] Inhibits b3.} 23. h3 Ra5 24. Nf3 (24. e4 {looks sharper.} Ng6 25. Nxg6 Rxe4 26. Nh4) 24... Nc6 {[%emt 0:00:30] Prevents e4.} 25. Rd2 (25. e4 {seems wilder.} Rb5 26. Qxa4 Rxb2 27. Re3) 25... h6 26. Qd1 Rd8 27. e4 dxe4 28. Rxd8+ Nxd8 29. Rxc4 exf3 30. Rc8 Kh7 {[%emt 0:03:00] [#] White must now prevent ...Ne6.} 31. Qxd8 $11 {[%emt 0:03:30][%mdl 4096] Endgame KQR-KQR} Qb5 32. Qg8+ Kg6 33. Rc3 Qxb2 ({But not} 33... Ra7 34. Rxf3 (34. gxf3 Rd7 $11) 34... Qxb2 35. Rg3+ Kh5 36. Rxg7 (36. Qd8 g5 $14) 36... Qc1+ 37. Kh2 Qf4+ 38. Rg3 $18) 34. Rxf3 Qc1+ 35. Kh2 Qc7+ 36. Kg1 Qc1+ 37. Kh2 Qc7+ 38. Kg1 Rd5 {[%emt 0:00:11][%cal Rd5d1] [#]} 39. Rg3+ $1 Rg5 40. Rf3 Rd5 41. Rg3+ $1 Rg5 42. Rf3 h5 (42... Rb5 $5 43. Rg3+ $8 Rg5 $11) 43. Qf8 Qb7 44. Qd6+ Kh7 (44... f6 $5 45. Qd3+ Kh6 $11) 45. Kh2 {[%emt 0:00:00] An even fight not without its subleties.   Weighted Error Value: White=0.05 (flawless) /Black=0.04 (flawless)} 1/2-1/2

[Event "Bangabandhu Premier Div League 2022"]
[Site "Dhaka"]
[Date "2022.12.08"]
[Round "9.2"]
[White "Aaryan Varshney"]
[Black "Ghosh, Diptayan"]
[Result "1/2-1/2"]
[ECO "D31"]
[WhiteElo "2312"]
[BlackElo "2544"]
[Annotator "TA"]
[PlyCount "78"]
[EventDate "2022.11.30"]
[EventType "team-tourn"]
[EventCountry "BAN"]
[SourceTitle "playchess.com"]
[Source "ChessBase"]
[SourceQuality "1"]
[TimeControl "40/5400+30:1800+30"]

1. d4 d5 2. c4 e6 3. Nc3 a6 4. cxd5 exd5 5. Nf3 c6 6. Bf4 {[%emt 0:00:36] D31: Queen's Gambit Declined: Semi-Slav without ...Nf6 (+ Marshall Gambit and Noteboom) and Exchange Variation lines without ...Nf6.} Bd6 7. Bxd6 Qxd6 8. e3 {[%emt 0:00:05] White is slightly better.} (8. e4 $5 ) 8... Ne7 9. Bd3 Bg4 10. h3 {[%emt 0:05:52] [#]} Bxf3 $146 ({Predecessor:} 10... Bh5 11. O-O f5 12. Be2 Bxf3 13. Bxf3 Nd7 14. Rc1 b5 15. Ne2 O-O 16. Nf4 Kh8 {1-0 (46) Borzan,A (1970)-Berke,A (2113) Valpovo 2020}) 11. Qxf3 Nd7 12. O-O O-O 13. Rac1 Rae8 14. Rfe1 f5 15. Qf4 Qxf4 16. exf4 g6 17. Kf1 Nc8 18. Rxe8 Rxe8 19. Re1 Rxe1+ 20. Kxe1 $15 {[%emt 0:00:11][%mdl 4096] Endgame KBN-KNN} Nf8 21. b4 Ne6 22. Ne2 Kf7 23. Kd2 Ke7 24. a4 Nd6 25. a5 Kd7 26. Ke3 Nc4+ 27. Kf3 $1 Ke7 28. g4 Kf6 29. Kg2 h6 30. Kf3 Nd6 31. Ke3 Nc7 (31... fxg4 $1 $15 32. hxg4 h5) 32. Nc1 $11 {[%emt 0:03:51] The position is equal.} Nc4+ 33. Kf3 Ne6 34. Ne2 h5 35. gxh5 gxh5 36. h4 Kg6 37. Bc2 Kf6 38. Bd3 Kg6 39. Bc2 Kf6 {[%emt 0:04:00] Weighted Error Value: White=0.05 (flawless) /Black=0.06 (flawless)} 1/2-1/2

[Event "Bangabandhu Premier Div League 2022"]
[Site "Dhaka"]
[Date "2022.12.08"]
[Round "9.3"]
[White "Mitrabha, Guha"]
[Black "Kushagra Mohan"]
[Result "1-0"]
[ECO "A05"]
[WhiteElo "2474"]
[BlackElo "2390"]
[Annotator "TA"]
[PlyCount "157"]
[EventDate "2022.11.30"]
[EventType "team-tourn"]
[EventCountry "BAN"]
[SourceTitle "playchess.com"]
[Source "ChessBase"]
[SourceQuality "1"]
[TimeControl "40/5400+30:1800+30"]

1. Nf3 Nf6 2. b3 g6 3. Bb2 Bg7 4. g3 d5 5. c4 O-O 6. Bg2 Nc6 {[%emt 0:00:17] A05: Réti Opening: 1 Nf3 Nf6.} 7. cxd5 Nxd5 {[%emt 1:33:14] 7...Nxd5 is better than 7...Qxd5.} 8. Bxg7 Kxg7 {[%emt 0:00:00] White is slightly better.} 9. Qc1 (9. d4 $14) 9... e5 $11 10. Qb2 Qf6 11. d3 e4 12. Qxf6+ Nxf6 13. dxe4 Nxe4 14. Nfd2 Nxd2 15. Nxd2 {[%emt 0:01:32][%cal Bb1d2,Bd2e4,Be4c5][%mdl 32] [#]} Nd4 $146 {[%emt 0:00:00][%cal Bc6d4,Bd4b5,Bb5d6,Bd6f5][%mdl 32] Threatens to win with ...Nc2+.} ({Predecessor:} 15... a5 16. Bxc6 bxc6 17. a4 Be6 18. f3 Rfd8 19. Ne4 Bxb3 20. Nc5 Bc4 21. Rc1 Rab8 {½-½ (40) Bernadskiy,V (2511)-Lorparizangeneh,S (2404) Albena 2015}) 16. Rc1 {[%emt 0:00:26] Against Nc2+} c6 17. e3 Nb5 18. Ne4 Bf5 19. Nc5 Nd6 (19... Rab8 $5) 20. O-O Rad8 21. b4 Bc8 22. a4 Nf5 23. Rc2 Rd6 (23... b6 $5 24. Nb3 Be6 $11) 24. Rfc1 Rfd8 25. Bf3 {[%emt 0:00:27] Prevents Rd1+.} Rd2 26. Rxd2 Rxd2 27. b5 cxb5 (27... Ne7 $1 $11) 28. Ne4 $16 ({But not} 28. Nxb7 Bxb7 29. Bxb7 Nd6 $17) 28... Rd8 29. axb5 Ne7 30. Ra1 $1 {[%emt 0:03:39] White is more active.} a6 31. bxa6 bxa6 32. Be2 Rd5 33. Bxa6 Bxa6 34. Rxa6 {[%emt 0:00:02][%mdl 4096] Endgame KRN-KRN} Re5 35. Nd2 Rd5 36. Nf3 Rd7 37. Kg2 h5 38. Nd4 Rb7 39. Kf3 Nd5 40. h4 Nf6 41. Ra2 Ng4 42. Kf4 Re7 43. e4 Rd7 44. Nb5 Rb7 45. Nc3 Nf6 46. f3 Rd7 47. Ke3 Re7 48. Ra5 Rb7 49. Ra3 Rd7 50. Ra6 Rb7 51. Rc6 Ra7 52. Kd4 Nd7 53. Rc8 Nf8 54. Ke5 Ra1 55. f4 (55. Kf4 $16) 55... Rg1 $1 $11 56. Ne2 Rg2 57. Rc2 Nd7+ 58. Kd4 Nf6 $1 59. e5 Ng4 60. Ke4 Kh6 (60... Kf8 $11 {keeps the balance.}) 61. Ra2 (61. Nd4 $1 $16 Rxg3 62. Rc7) 61... Kg7 62. Rc2 (62. Kd3 $14) 62... Kh6 $16 {[%emt 0:00:00] [#]} 63. Nd4 $1 {[%emt 0:00:43] White leaves nothing to chance now.} Rxg3 (63... f5+ $16 {keeps fighting.} 64. Kf3 Rh2) 64. Rc7 $18 Re3+ $2 (64... Kg7) 65. Kd5 Kg7 66. Ne6+ Kg8 {[%emt 0:00:00] [#]} 67. Rc8+ $1 Kh7 68. Ng5+ Kg7 69. Rc7 Rd3+ 70. Kc4 Rd1 71. Rxf7+ Kg8 72. e6 {[%emt 0:00:54] Strongly threatening Kc5.} Rd8 73. Kc5 (73. e7 $142 Ne3+ 74. Kc5) 73... Nh6 74. Rd7 {[%emt 0:00:13] White mates.} Rc8+ 75. Kd6 Re8 76. Ne4 Ng4 77. e7 Kf7 78. Rd8 Rxe7 79. Ng5+ {[%emt 0:00:02] Weighted Error Value: White=0.10 (very precise) /Black=0.12 (very precise)} 1-0

[Event "Bangabandhu Premier Div League 2022"]
[Site "Dhaka"]
[Date "2022.12.08"]
[Round "9.3"]
[White "Mohammad Nubairshah Shaikh"]
[Black "Narayanan.S.L"]
[Result "0-1"]
[ECO "E32"]
[WhiteElo "2439"]
[BlackElo "2673"]
[Annotator "TA"]
[PlyCount "52"]
[EventDate "2022.12.01"]
[EventCountry "BAN"]
[SourceTitle "playchess.com"]
[Source "ChessBase"]
[SourceQuality "1"]
[TimeControl "40/5400+30:1800+30"]

1. d4 Nf6 2. c4 e6 3. Nc3 Bb4 4. Qc2 d6 5. e3 O-O 6. Bd3 {[%emt 0:00:30] E32: Nimzo-Indian: Classical (4 Qc2): 4...0-0.} c5 7. Nge2 Nc6 8. O-O {[%emt 0:00:00] White is slightly better.} Bxc3 9. Qxc3 e5 10. d5 Ne7 11. e4 Nh5 12. b4 {[%emt 0:00:30] [#]} cxb4 $146 ({Predecessor:} 12... b6 13. bxc5 bxc5 14. f4 exf4 15. e5 g5 16. exd6 Qxd6 17. g3 Bf5 18. Bxf5 Nxf5 {1-0 (52) Doroshkievich,V-Romanishin,O Yerevan 1975}) 13. Qxb4 Ng6 14. a4 (14. c5 $16) 14... a5 $14 15. Qb2 Nhf4 16. Nxf4 exf4 17. Ra3 f3 18. gxf3 Bh3 19. Re1 Qh4 {Prevents f4.} 20. Kh1 $1 (20. Qxb7 $2 Rfb8 $19) 20... Rae8 {[%emt 0:00:00][%cal Ba8e8,Be8e5,Be5h5][%mdl 32] ...Re5 is the strong threat.} 21. Rg1 $1 {[%emt 0:00:30] Hoping for Bg5.} (21. Qxb7 {gets mated.} Qxf2) 21... Re5 {[%emt 0:01:30] Against Bg5. Strongly threatening ...Rh5.} 22. Qb6 $2 {[%emt 0:00:30][%mdl 8192] White does not recover from this.} (22. Qxb7 Rh5 23. Rg3 Bg4 $1 24. Kg2 Qxh2+ 25. Kf1 Qh1+ 26. Ke2 Qxc1 27. fxg4 Rh1) (22. Be2 $1 $14 {stays ahead.}) 22... Rh5 $1 $19 23. Qxd6 {[%emt 0:00:00] [#] aiming for Qg3.} (23. Qxb7 {is a self mate.} Bf1 $1 24. Rg2 Bxg2+ 25. Kxg2 Qh3+ 26. Kg1 Nh4) 23... Ne5 $1 {[%emt 0:01:00][%cal Oh3g4] And now ...Bg4! would win.} 24. Bb2 $2 (24. Be2 Qxf2 25. Qf6) 24... Qxf2 25. Bc2 {[%emt 0:00:30] [#]} Rg5 $3 {[%emt 0:01:00][%mdl 576] Deflection} 26. Rxg5 (26. Qxf8+ Kxf8) 26... Qf1+ {[%emt 0:00:00] Weighted Error Value: White=0.81/Black=0.07 (flawless)} 0-1

[Event "Bangabandhu Premier Div League 2022"]
[Site "Dhaka"]
[Date "2022.12.08"]
[Round "9.4"]
[White "Idani, Pouya"]
[Black "Ikramul, Haq Siam"]
[Result "1/2-1/2"]
[ECO "A20"]
[WhiteElo "2631"]
[BlackElo "2099"]
[Annotator "TA"]
[PlyCount "77"]
[EventDate "2022.12.01"]
[EventCountry "BAN"]
[SourceTitle "playchess.com"]
[Source "ChessBase"]
[SourceQuality "1"]
[TimeControl "40/5400+30:1800+30"]

1. c4 e5 2. d3 Bb4+ 3. Nd2 a5 4. Ngf3 Nc6 {[%emt 0:00:06] [#]} 5. a3 $146 ({Predecessor:} 5. e3 Nf6 6. Be2 O-O 7. O-O Re8 8. a3 Bf8 9. b3 d6 10. Qc2 Bg4 11. Re1 {½-½ (27) Csom,I (2415)-Taimanov,M (2439) Saint Vincent 2001}) 5... Bc5 6. e3 {[%emt 0:03:12] A20: English Opening: 1...e5.} d6 7. b3 Nf6 8. Bb2 {The position is equal.} h6 9. d4 exd4 10. exd4 Ba7 11. Qc2 ({Better is} 11. Bd3) 11... Qe7+ (11... O-O $11 {keeps the balance.}) 12. Be2 $16 O-O {[%emt 0:00:00] [#]} 13. O-O $1 Bg4 (13... Qxe2 $2 14. Rae1 $18) (13... d5 14. Rfe1) 14. Bd3 Rae8 15. Bc3 d5 16. h3 Be6 17. c5 Nh5 18. b4 Nf4 (18... axb4 $14 19. axb4 Bb8) 19. b5 Nd8 20. Bxa5 c6 21. Rfe1 ({White should try} 21. a4) 21... Bb8 22. Bxd8 {[%emt 0:00:00] White is more active.} Qxd8 23. bxc6 bxc6 24. Bh7+ (24. Bf1 $16) 24... Kh8 $11 {[%emt 0:00:00] aiming for ...g6.} 25. Bf5 Qf6 26. Bxe6 Nxe6 27. Qd3 g5 28. g3 Rg8 (28... h5 $1 $11) 29. Ne5 (29. a4 $5) 29... Nxc5 (29... Bxe5 $11 30. dxe5 Qg6 31. Qxg6 Rxg6) 30. dxc5 $2 (30. Qc3 $16 {stays on course.} Ne6 31. Qxc6 (31. Nxc6 $2 {is the wrong capture.} Rc8 $19)) 30... Kg7 $2 {[%mdl 8192] Loses the game.} (30... Bxe5 $17 31. Rab1 Bd4) 31. Nxf7 $2 Bd6 $2 (31... Rgf8 32. Nf3 Rxe1+ 33. Rxe1 Rxf7) 32. cxd6 c5 33. Kf1 {[%emt 0:00:00] Rxe8 is the strong threat.} Rxe1+ 34. Rxe1 {[%emt 0:00:00] Threatening mate with Re7.} Qxd6 35. a4 (35. Nxd6 $142 Kh8 36. Re7 Rg7 37. Re8+ Rg8 38. Qg6 Rxe8 39. Nf7#) 35... Rf8 36. Rb1 (36. Nxd6 $142 Rf7 37. Nxf7 c4 38. Qxd5 Kg8 39. Nxg5+ Kh8 40. Re8+ Kg7 41. Qf7#) 36... Rxf7 $18 37. Kg1 Qf6 38. a5 $2 (38. Qe3) 38... Re7 $2 (38... Qxf2+ 39. Kh1 c4 40. Qxd5 Qxg3 41. Qd4+ (41. Nxc4 Qxh3+ 42. Kg1 Qg4+ 43. Kh1 Qh4+ 44. Kg1 Qg4+ 45. Kh1 Qh4+ 46. Kg1 Qg4+ $11) 41... Kh7) 39. Qa3 {[%emt 0:00:00][%mdl 32768] Weighted Error Value: White=0.70/Black=0.64. An unexpected result.} 1/2-1/2

[Event "Bangabandhu Premier Div League 2022"]
[Site "Dhaka"]
[Date "2022.12.08"]
[Round "9.4"]
[White "Jabed Al Azad"]
[Black "Chatterjee, Debaraj"]
[Result "1/2-1/2"]
[ECO "B51"]
[WhiteElo "2084"]
[BlackElo "2196"]
[Annotator "TA"]
[PlyCount "61"]
[EventDate "2022.11.30"]
[EventType "team-tourn"]
[EventCountry "BAN"]
[SourceTitle "playchess.com"]
[Source "ChessBase"]
[SourceQuality "1"]
[TimeControl "40/5400+30:1800+30"]

1. e4 c5 2. Nf3 d6 3. Bb5+ Nd7 4. O-O a6 5. Be2 Ngf6 6. d3 {[%emt 0:00:02] B51: Sicilian: Moscow Variation (3 Bb5+) without 3...Bd7.} g6 7. b3 Bg7 8. Bb2 {[%emt 0:00:02] The position is equal.} O-O 9. a4 b6 {[%emt 0:11:30] [#]} 10. Na3 $146 ({Predecessor:} 10. Re1 Bb7 11. Bf1 e5 12. Nbd2 Nh5 13. Nc4 Qc7 14. c3 f5 15. Ng5 Rae8 16. exf5 Rxf5 {½-½ (87) Novikov,E (2276)-Wagner,D (2584) Chess.com INT 2021}) 10... e5 11. Nc4 Qc7 12. Nfd2 Bb7 13. Bf3 Rfd8 14. Ne3 Nf8 15. Re1 Ne6 16. c4 h5 (16... b5 $142) 17. Nd5 $11 Nxd5 18. cxd5 Nf8 19. Nc4 b5 20. Ne3 Rdb8 21. Qc2 Qd8 22. Bc3 b4 23. Bd2 a5 24. Nc4 Ba6 25. g3 Bxc4 26. dxc4 Bf6 27. h4 {[%emt 0:02:01] White is more active.} Ra7 28. Kg2 Rbb7 (28... Nd7 $142) 29. Rh1 $16 Nd7 30. Rh2 Kf8 31. Bc1 {[%emt 1:19:01] Weighted Error Value: White=0.05 (flawless) /Black=0.12 (very precise)} (31. Rah1 $18) 1/2-1/2

[Event "Bangabandhu Premier Div League 2022"]
[Site "Dhaka"]
[Date "2022.12.08"]
[Round "9.5"]
[White "Shawket Bin, Osman Shaon"]
[Black "Haque, Rezaul"]
[Result "1-0"]
[ECO "B07"]
[WhiteElo "2069"]
[BlackElo "1949"]
[Annotator "TA"]
[PlyCount "121"]
[EventDate "2022.11.30"]
[EventType "team-tourn"]
[EventCountry "BAN"]
[SourceTitle "playchess.com"]
[Source "ChessBase"]
[SourceQuality "1"]
[TimeControl "40/5400+30:1800+30"]

1. d4 d6 2. Nf3 Nf6 3. Nc3 c6 4. e4 b5 5. a3 a6 {[%emt 0:01:41] [#]} 6. Bg5 $146 {[%emt 0:10:00] B07: Pirc Defence: Miscellaneous Systems.} ({Predecessor:} 6. Be2 g6 7. e5 dxe5 8. Nxe5 Bg7 9. Bf3 Nd5 10. Nxc6 Nxc3 11. Nxd8 Nxd1 12. Bxa8 Nxf2 13. Kxf2 Bxd4+ {½-½ (94) Manush,S (2353)-Popchev,M (2268) Novi Sad 2018}) 6... Bg4 7. h3 Bxf3 8. Qxf3 {[%emt 0:00:07] Hoping for e5. White is better.} Nbd7 {[%emt 0:02:05][%cal Bb8d7,Bd7c5,Bc5e6][%mdl 32] Against e5} 9. Rd1 e5 10. dxe5 dxe5 11. Be2 {[%emt 0:06:40] White has more active pieces. The black rooks are badly placed.} ({White should play} 11. g4 $14) 11... Qc7 $11 12. O-O Be7 13. Qg3 Nc5 14. Be3 Ne6 (14... O-O {keeps more tension.} 15. Bf3 Rfd8 16. h4 Ne6) 15. Bg4 Nxg4 16. Qxg4 O-O 17. Ne2 Rfd8 18. Ng3 Rxd1 19. Rxd1 Rd8 20. Rc1 Bc5 21. Bxc5 Nxc5 22. Nf5 Ne6 (22... g6 {feels hotter.} 23. Qg5 Ne6 24. Nh6+ Kg7) 23. c4 Kf8 24. cxb5 axb5 25. Rd1 (25. Qh4 $11 h6 26. Rc3) 25... Rxd1+ 26. Qxd1 $15 {[%emt 0:00:01][%mdl 4096] Endgame KQN-KQN} g6 27. Ne3 Qd8 (27... Kg7 $11) 28. Qxd8+ $14 Nxd8 {[%emt 0:00:02] KN-KN} 29. Ng4 Ke7 30. Nxe5 Kd6 31. Nd3 c5 32. f3 Ne6 33. Kf2 c4 34. Nc1 Ke5 (34... Nf4 $1 $11) 35. Ke3 $16 Nf4 (35... Kd6 $16 {was called for.} 36. Ne2 Nc5) 36. g3 $1 $18 Nxh3 (36... Ne6 $142 37. Ne2 Kd6) 37. Ne2 g5 $2 {[%emt 0:03:24] [#]} (37... Kd6 $16 {was worth a try.}) 38. f4+ $1 Kd6 39. Nd4 (39. e5+ $18 Kc5 40. f5) 39... Kc5 $16 40. Nf3 (40. b4+ $16 cxb3 41. Nxb3+ Kb6 42. f5) 40... gxf4+ $11 41. gxf4 {[%emt 0:30:08] Ne5 is the strong threat.} f6 {[%emt 0:31:44] Inhibits Ne5.} 42. Nh4 b4 43. axb4+ Kxb4 44. Nf5 Kc5 $2 {[%emt 0:00:00][%mdl 8192] White stays focused until the end.} (44... Kb3 $11) 45. Ng7 (45. Ng3 $142 {And now Nh5 would win.} Kd6 46. Kf3) 45... Kd6 $18 46. Nh5 Ke7 47. Ng3 Kd6 48. Ne2 $2 (48. Kf3 {White wants to mate with Ne2.} Kd7 49. Ne2) 48... Ke6 $2 (48... h5 $18 49. Ng3 h4 50. Nf5+ Kc5 51. Nxh4 Kb4) 49. Kf3 {[%emt 0:00:16] White mates.} h5 50. Kg3 Ng5 51. Nd4+ Kd6 52. fxg5 fxg5 {[%emt 0:00:03] KN-K3P} 53. Kf3 Ke5 54. Ke3 h4 55. Nf5 h3 56. Ng3 h2 57. Nh1 Kf6 58. Kd4 g4 59. Ke3 Kg5 {[%emt 0:00:11] [#]} 60. Ng3 $1 Kh4 61. Kf4 {[%emt 0:00:13] Weighted Error Value: White=0.41/Black=0.44} 1-0

[Event "Bangabandhu Premier Div League 2022"]
[Site "Dhaka"]
[Date "2022.12.08"]
[Round "9.5"]
[White "abzid, Rahman"]
[Black "Mohammed Abdul, Malek"]
[Result "0-1"]
[ECO "D43"]
[WhiteElo "2043"]
[BlackElo "2152"]
[Annotator "TA"]
[PlyCount "84"]
[EventDate "2022.12.01"]
[EventCountry "BAN"]
[SourceTitle "playchess.com"]
[Source "ChessBase"]
[SourceQuality "1"]
[TimeControl "40/5400+30:1800+30"]

1. d4 d5 2. c4 e6 3. Nc3 Nf6 4. Bg5 c6 5. e3 h6 6. Bxf6 Qxf6 7. Nf3 Nd7 8. a3 dxc4 {[%emt 0:05:11] D43: Semi-Slav: 5 Bg5 h6.} (8... g6 $11) 9. Bxc4 $14 e5 10. O-O Be7 {[%emt 1:27:45] [#] White is slightly better.} 11. Ne4 $146 ({Predecessor:} 11. d5 Nb6 12. Ne4 Qg6 13. Bd3 cxd5 14. Bb5+ Kf8 15. Ng3 e4 16. Nd4 Bd6 17. f4 {1-0 (34) Husek,Z (2255)-Solmajer,L (2050) Litomysl 1995}) 11... Qg6 12. Ng3 {[%emt 0:00:30] Pair of Knights!} (12. Nxe5 $2 Nxe5 13. dxe5 Qxe4 $19) 12... exd4 $1 13. Bd3 Qd6 14. Nf5 Qf6 15. exd4 {[%emt 0:00:00] Threatens to win with Re1.} O-O 16. Qe2 Re8 ({Black should try} 16... Bd8 $14) 17. Rfe1 Kf8 {[%emt 0:00:00] [#]} 18. Qe4 (18. Ne5 $1 $16 {[%cal Re5g4] And now Ng4 would win.} Nb6 19. Ng3 (19. Ng4 Qg5 $11)) 18... Nb6 $11 19. Nxe7 Rxe7 20. Qh7 Rxe1+ 21. Rxe1 Be6 {[%emt 0:02:30] [#]} (21... g5 $1 $11 {keeps the balance.}) 22. Bf5 $2 Qxf5 $19 (22... Bxf5 $2 23. Qh8#) 23. Qh8+ Ke7 24. Qxg7 Qf6 {[%emt 0:01:00] Inhibits d5.} 25. Qg3 Nd5 {[%emt 0:00:00] Inhibits Qc7+.} 26. Ne5 Kf8 27. Qb3 Nb6 28. Qb4+ Qe7 {[%emt 0:00:00] Strongly threatening ...Qxb4.} 29. Qd2 Qf6 30. Qb4+ $1 Kg7 31. Re3 Rd8 {[%emt 0:00:00] Hoping for ...Qf4.} 32. h3 Qh4 (32... Rg8 $142 {aiming for ...Kh7.} 33. Rf3 Qh4) 33. Rg3+ $2 (33. Nf3 {is the only way for White.} Qf6 34. Ne5) 33... Kh7 ({Don't blunder} 33... Kh8 $2 34. Nf3 Qf6 35. Ne5 $19) 34. Nf3 Qf6 ({Avoid the trap} 34... Qe4 $2 35. Qe7 Rg8 36. Rxg8 Kxg8 37. Qxb7 $19) 35. Qa5 Nd5 {[%emt 0:00:00][%cal Bb6d5,Bd5f4,Bf4e2][%mdl 32] ...Nf4 is the strong threat.} 36. Qxa7 (36. Kh2 $142 Nf4 37. Qc5) 36... Nf4 37. Qxb7 Ne2+ 38. Kh2 Nxg3 ({And not} 38... Nxd4 39. Nxd4 Qxd4 40. Qxc6 $17) 39. fxg3 Bd5 40. Nh4 Re8 {[%emt 0:00:30] Black mates.} 41. Qb4 Qf2 42. Qd6 Re1 {[%emt 0:00:30] Weighted Error Value: White=0.79/Black=0.22 (precise)} 0-1